 Dungeon Crawl Stone Soup version 0.24.0-13-gcf9b319 (webtiles) character file.

Game seed: 9157125711297310049, levelgen mode: deterministic

308 Fang the Skirmisher (level 6, -8/39 HPs)
             Began as a Gargoyle Berserker on Nov 21, 2019.
             Was a Believer of Trog.
             Engulfed by a cloud of flame (11 damage)
             ... on level 3 of the Dungeon.
             The game lasted 00:02:46 (2381 turns).

Fang the Skirmisher (Gargoyle Berserker)            Turns: 2381, Time: 00:02:46

Health: -8/39      AC: 16    Str: 23    XL:     6   Next: 40%
Magic:  6/6        EV:  9    Int:  7    God:    Trog [**....]
Gold:   176        SH:  0    Dex:  9    Spells: 5/5 levels left

rFire    . . .     SeeInvis .   a - +0 hand axe
rCold    . . .     Gourm    .   (no shield)
rNeg     + . .     Faith    .   b - +0 chain mail
rPois    ∞         Spirit   .   (no helmet)
rElec    +         Reflect  .   (no cloak)
rCorr    .         Harm     .   (no gloves)
MR       ++...                  (no boots)
Stlth    ..........             (no amulet)
HPRegen  1.13/turn              h - +3 ring of protection
MPRegen  0.10/turn              (no ring)

@: starving, regenerating
A: negative energy resistance 1, electricity resistance, unbreathing,
petrification resistance, rot immunity, AC +4
a: Berserk, Trog's Hand, Renounce Religion


You were on level 3 of the Dungeon.
You worshipped Trog.
Trog was pleased with you.
You were starving.

You visited 1 branch of the dungeon, and saw 3 of its levels.

You collected 176 gold pieces.

Inventory:

Hand Weapons
 a - a +0 hand axe (weapon)
Armour
 b - a +0 chain mail (worn)
Jewellery
 h - a +3 ring of protection (left hand)
Scrolls
 d - 4 scrolls of identify {unknown}
 i - 4 scrolls of remove curse {unknown}
 l - 2 scrolls of enchant weapon {unknown}
 m - a scroll of blinking {unknown}
 n - 2 scrolls of fear {unknown}
 p - 3 scrolls of magic mapping {unknown}
 r - a scroll of teleportation {unknown}
 s - a scroll of enchant armour {unknown}
Potions
 e - a potion of agility {unknown}
 f - a potion of flight {unknown}
 g - a potion of berserk rage {unknown}
 j - a potion of heal wounds {unknown}
 k - a potion of haste {unknown}
 o - a potion of curing {unknown}
 q - a potion of brilliance {unknown}
Comestibles
 c - 8 rations


   Skills:
 + Level 4.7 Fighting
 + Level 3.9 Axes
 + Level 4.0 Armour
 + Level 3.0 Dodging


You had 5 spell levels left.
You didn't know any spells.
Your spell library was empty.

Dungeon Overview and Level Annotations

Branches:
Dungeon (3/15)

Altars:
Okawaru
Trog


Innate Abilities, Weirdness & Mutations

You are resistant to torment.
Your stone body is resilient. (AC +4)
You are immune to poison.
You resist negative energy. (rN+)
You are resistant to electric shocks. (rElec)
You can survive without breathing.
You are immune to petrification.
You are immune to rotting.


Message History

You see here 13 arrows.
Really walk into that cloud of flame?
You are engulfed in blazing flames.
You are engulfed in blazing flames.
You see here a scroll labeled MOTEAZOUCA.
Unknown command.
s - a scroll labeled MOTEAZOUCA You are engulfed in blazing flames.
* * * LOW HITPOINT WARNING * * *
Really walk into that cloud of flame? [Y]es or [N]o only, please.
Really walk into that cloud of flame? [Y]es or [N]o only, please.
Really walk into that cloud of flame?
Okay, then.
Your skin crawls.
You feel resistant to hostile enchantments.
You are starving!
You are engulfed in blazing flames.
You die...

.<.........# #.>...# #.#####.####
#§○☼# ###.#.# #.#####.##
#####...#########.####
.........##.☼○°.[[(.☼☼°.#........
..#####..#.(☼○§..)(.§§..#.##.####
..# #..#..○§°.....§○.......# ).#
#....#####...#####.....#
..#####..### #☼§°# ##...(#
......#.#### #@§§# ##....#
...........# #○☼§# #..#..####
......#.##.#####(..#####.........
......#.##.........#.#.......####
......#.##.......#.#.............
....###.##.......###.#.......####
....# #.#####...........#.##.#
....# #.# #).........[..##.####
....###.#####...####.##..........


There were no monsters in sight!

Vanquished Creatures
  Grinder (D:3)
  Jessica (D:3)
  Terence (D:3)
  A hound zombie (D:2)
  An adder (D:2)
  A dart slug (D:1)
  A leopard gecko (D:3)
  2 orcs (D:3)
  6 bats
  2 giant cockroaches
  7 goblins
  5 hobgoblins
  A quokka (D:2)
  3 frilled lizards
  7 kobolds (D:1)
  7 rats
47 creatures vanquished.

Notes
Turn   | Place    | Note
-------+----------+-------------------------------------------
     0 | D:1      | Fang the Gargoyle Berserker began the quest for the Orb.
     0 | D:1      | Reached XP level 1. HP: 14/14 MP: 1/1
    98 | D:1      | Reached XP level 2. HP: 13/19 MP: 2/2
   389 | D:1      | Reached XP level 3. HP: 17/23 MP: 3/3
   755 | D:2      | Reached ** piety under Trog
   790 | D:2      | Found an iron altar of Okawaru.
   790 | D:2      | Found a bloodstained altar of Trog.
  1077 | D:2      | Reached XP level 4. HP: 21/29 MP: 4/4
  1725 | D:3      | Noticed Terence
  1743 | D:3      | Killed Terence
  1919 | D:3      | Noticed Jessica
  1926 | D:3      | Killed Jessica
  1926 | D:3      | Reached XP level 5. HP: 31/33 MP: 5/5
  1941 | D:3      | Noticed Grinder
  1961 | D:3      | Killed Grinder
  1961 | D:3      | Reached XP level 6. HP: 29/39 MP: 6/6
  2381 | D:3      | Engulfed by a cloud of flame

Levels and vault maps discovered:
D:1:      dpeg_arrival_simpleton_a, layout_basic
D:2:      layout_basic, gammafunk_temple_overflow_pools, serial_rivers,
          chequers_serial_rivers_micro_b, chequers_serial_rivers_micro_c,
          chequers_serial_rivers_micro_e, chequers_serial_rivers_marsh,
          chequers_serial_rivers_room_a, chequers_serial_rivers_small_3,
          first_ration
D:3:      layout_basic, lemuel_flame_loot_1, uniq_jessica, uniq_grinder,
          uniq_terence

Skill      XL: |  1  2  3  4  5 |
---------------+----------------+-----
Axes           | 3 |  3.9
Dodging        | 2 3 |  3.0
Armour         | 3 4 |  4.0
Fighting       | 4 |  4.7

Action                   |  1- 3 |  4- 6 || total
-------------------------+-------+-------++-------
Melee: Hand axe          |   117 |    76 ||   193
Invok: Trog's Hand       |       |     1 ||     1
 Stab: Sleeping          |     2 |       ||     2
  Eat: Chunk             |     1 |     2 ||     3
Armor: Animal skin       |    40 |     5 ||    45
       Chain mail        |       |    54 ||    54
Dodge: Dodged            |    98 |    30 ||   128
